 Dungeon Crawl Stone Soup version 0.19.4-9-g45fd643 (webtiles) character file.

396 laan the Chopper (level 6, -12/55 HPs)
             Began as a Deep Dwarf Fighter on Feb 17, 2017.
             Killed from afar by Ijyb (22 damage)
             ... with a wand of acid
             ... on level 3 of the Dungeon.
             The game lasted 00:02:49 (2385 turns).

laan the Chopper (Deep Dwarf Fighter)               Turns: 2385, Time: 00:02:50

Health: -12/55     AC:  8    Str: 22    XL:     6   Next: 52%
Magic:  4/4        EV:  8    Int:  8    God:
Gold:   97         SH:  9    Dex: 12    Spells: 0 memorised, 5 levels left

rFire  . . .     SeeInvis .     Y - +1 war axe
rCold  . . .     Gourm    .     b - +0 scale mail
rNeg   . . .     Faith    .     c - +0 shield
rPois  .         Spirit   .     l - +0 helmet
rElec  .         Reflect  .     (no cloak)
rCorr  .         Harm     .     (no gloves)
MR     .....                    (no boots)
Stlth  ..........               (no amulet)
                                (no ring)
                                (no ring)

@: about to teleport, non-regenerating
A: damage resistance, recharge devices, sense surroundings 1, slow regeneration
3
a: Device Recharging


You were on level 3 of the Dungeon.
You were not hungry.

You visited 1 branch of the dungeon, and saw 3 of its levels.
You also visited: Sewer.

You collected 97 gold pieces.


Innate Abilities, Weirdness & Mutations

You are resistant to damage.
You can recharge devices by infusing magical energy.
You passively map a small area around you.
You do not regenerate.


   Skills:
 - Level 2.6 Fighting
 + Level 7.3 Axes
 - Level 3.2 Armour
 - Level 2.1 Dodging
 - Level 3.2 Shields


You had 5 spell levels left.
You didn't know any spells.

Inventory:

Hand Weapons
 m - a +0 whip
 Y - a +1 war axe (weapon)
Armour
 b - a +0 scale mail (worn)
 c - a +0 shield (worn)
 l - a +0 helmet (worn)
Wands
 i - a wand of heal wounds (6/9)
Scrolls
 e - a scroll of recharging
 o - a scroll of blinking {unknown}
 t - a scroll of identify {unknown}
Potions
 d - a potion of might
 h - a potion of lignification {unknown}
 j - a potion of ambrosia {unknown}
 n - 3 potions of curing
 p - a potion of heal wounds {unknown}
 q - a potion of brilliance {unknown}
 r - a potion of magic {unknown}
 s - a potion of haste {unknown}
Comestibles
 f - 2 bread rations
 g - 2 fruits

Dungeon Overview and Level Annotations

Branches:
Dungeon (3/15)

Altars:
Hepliaklqana
Qazlal
Xom

Annotations:
D:3 Ijyb


Message History

A ball python and a hobgoblin come into view.
The ball python hisses angrily.
The hobgoblin shouts!
You hit the ball python.
You kill the ball python!
You block the hobgoblin's attack.
You slash the hobgoblin!
You kill the hobgoblin!
Found 9 stones.
Ijyb the Twisted Goblin comes into view.
Ijyb moves out of view.
Found a glowing red potion.
Ijyb is too close now for your liking.
Ijyb zaps a wand.
The bolt of acid hits you!
You are splashed with acid!
The acid burns!
It is a wand of acid.
2385 ||| READING scroll of teleportation.
As you read the scroll of teleportation, it crumbles to dust.
You feel strangely unstable. Ijyb screams, "Me kill you!"
Ijyb zaps a wand.
The bolt of acid hits you!
You die...

* , ###.#.###.####
#.#, #......... , ...
#####.#### * #.# *
#.# * ,..", #.# #.#
#.# , ,
..#####.###########.#
*
!................##.#
....g..@.........##.#
..#####.###.#######.#
** #.###.#######.# *
#.............# *
####.#######..# , #.#
#..# , #.# ##..# * *
*#.# ##...# #(#
#...##


You could see Ijyb.

Vanquished Creatures
  The ghost of empire the Skirmisher, an amateur DrMo of Elyvilon (D:3)
  A hound (D:3)
  Natasha (twice) (D:3)
  Robin (D:2)
  5 adders
  3 river rats (Sewer)
  6 worms
  2 dart slugs
  A leopard gecko (D:2)
  6 ball pythons
  A giant cockroach (D:3)
  12 goblins
  9 hobgoblins
  3 bats
  11 frilled lizards
  4 kobolds
  16 rats
84 creatures vanquished.

Notes
Turn   | Place    | Note
-------+----------+-------------------------------------------
     0 | D:1      | laan the Deep Dwarf Fighter began the quest for the Orb.
     0 | D:1      | Reached XP level 1. HP: 20/20 MP: 1/1
     0 | D:1      | 0 ||| counter = 1
   483 | D:1      | Reached skill level 3 in Axes
   553 | D:1      | 553 ||| READING scroll labeled BOUPSOBBOE.
   554 | D:1      | 554 ||| READING scroll labeled SYSORH FAOPTUR.
   555 | D:1      | 555 ||| READING scroll labeled BAR FUSEUDWINK.
   556 | D:1      | 556 ||| READING scroll labeled PORYUNKOMN.
   559 | D:1      | 559 ||| READING scroll labeled MAF ZUPNYDIDIOXOEXT.
   578 | D:2      | 578 ||| STAIRDANCE
   580 | D:1      | Reached XP level 2. HP: 14/27 MP: 2/2
   597 | D:2      | Reached skill level 1 in Dodging
   827 | D:2      | Reached XP level 3. HP: 18/33 MP: 3/3
  1118 | D:2      | Reached skill level 4 in Axes
  1134 | D:2      | Noticed Robin
  1138 | D:2      | 1138 ||| ZAPPING wand of heal wounds (5/9).
  1149 | D:2      | Killed Robin
  1149 | D:2      | Reached XP level 4. HP: 22/40 MP: 4/4
  1206 | D:2      | Found a hazy altar of Hepliaklqana.
  1349 | D:2      | 1349 ||| DROPPING club.
  1475 | D:2      | 1475 ||| UPGRADING to helmet.
  1480 | D:2      | 1480 ||| READING scroll labeled LOIDOE NAMIGUI.
  1518 | D:3      | 1518 ||| STAIRDANCE
  1527 | D:3      | 1527 ||| STAIRDANCE
  1529 | D:2      | 1529 ||| ZAPPING wand of heal wounds (4/9).
  1534 | D:2      | 1534 ||| MP-RECHARGING wand of heal wounds (3/9).
  1551 | D:3      | Noticed empire's ghost (amateur DrMo)
  1566 | D:3      | 1566 ||| ZAPPING wand of heal wounds (6/9).
  1573 | D:3      | 1573 ||| ZAPPING wand of heal wounds (5/9).
  1582 | D:3      | 1582 ||| ZAPPING wand of heal wounds (4/9).
  1589 | D:3      | Killed empire's ghost
  1589 | D:3      | Reached skill level 6 in Axes
  1589 | D:3      | Reached XP level 5. HP: 34/46 MP: 4/4
  1597 | D:3      | Reached XP level 6. HP: 32/55 MP: 5/5
  1598 | D:3      | 1598 ||| MP-RECHARGING wand of heal wounds (3/9).
  1623 | D:3      | Noticed Natasha
  1636 | D:3      | Killed Natasha
  1682 | D:3      | Found a shimmering altar of Xom.
  1704 | D:3      | Reached skill level 7 in Axes
  1838 | D:3      | Found a glowing drain.
  1839 | D:3      | 1839 ||| Found Sewer.
  1873 | Sewer    | Entered a sewer
  1874 | Sewer    | 1874 ||| Entered Sewer.
  1902 | Sewer    | 1902 ||| Stepping ~*~*~tactically~*~*~ (water).
  1975 | Sewer    | 1975 ||| Stepping ~*~*~tactically~*~*~ (water).
  2014 | Sewer    | 2014 ||| Stepping ~*~*~tactically~*~*~ (water).
  2027 | Sewer    | 2027 ||| ZAPPING wand of heal wounds (7/9).
  2116 | Sewer    | 2116 ||| Stepping ~*~*~tactically~*~*~ (water).
  2183 | Sewer    | 2183 ||| READING 2 scrolls labeled EDUCOGUNIQ.
  2184 | Sewer    | 2184 ||| READING 4 scrolls labeled HEETUM FUORUE.
  2185 | Sewer    | 2185 ||| DRINKING 2 yellow potions.
  2186 | Sewer    | 2186 ||| DROPPING 3 scrolls of fear.
  2271 | D:3      | Found a stormy altar of Qazlal.
  2271 | D:3      | Noticed Sigmund
  2326 | D:3      | Noticed Natasha
  2335 | D:3      | Killed Natasha
  2380 | D:3      | Noticed Ijyb
  2384 | D:3      | HP: 10/55 [acid (8)]
  2385 | D:3      | 2385 ||| READING scroll of teleportation.
  2385 | D:3      | Killed from afar by Ijyb

Vault maps used:
D:1:      evilmike_arrival_run_for_it, minmay_liquid_box
D:2:      overflow_temple_1_default, uniq_robin
D:3:      lemuel_crystal_altar, grunt_qazlal_sundering, portal_sewer_entry_c,
          uniq_iyjb, uniq_sigmund, uniq_natasha
Sewer:    sewer_co_cracked_pipes

Skill      XL: |  1  2  3  4  5  6 |
---------------+-------------------+-----
Axes           | 3 4 6 7 |  7.3
Dodging        | 1 2 |  2.1
Fighting       | |  2.6
Armour         | |  3.2
Shields        | |  3.2

Action                   |  1- 3 |  4- 6 || total
-------------------------+-------+-------++-------
Melee: War axe           |    76 |   193 ||   269
 Abil: Device Recharging |       |     2 ||     2
Evoke: Wand              |     1 |     5 ||     6
  Use: Scroll            |     5 |     4 ||     9
       Potion            |       |     1 ||     1
  Eat: Chunk             |     1 |     4 ||     5
Armor: Scale mail        |    17 |    61 ||    78
Dodge: Dodged            |    14 |    44 ||    58
Block: Shield            |    26 |   102 ||   128
